Map: Ruines de Seras

Players

Jonic

  • Race: Protoss Protoss
  • League: Platinum

Worming - Winner!

  • Race: Zerg Zerg
  • League: Diamond

VOD

Have the link to the VOD?

Description

Time

  • Played on: Nov. 13, 2015, 3:13 p.m.
  • Length: 19:36
Show
View Real Time Build Order
Export as new Build Order

Jonic Protoss 

Build Orders: 1 Gate Expand 

Get SALT Encoding   

  12  0:01  Probe (Chrono Boost)  
  13  0:11  Probe (Chrono Boost)  
  14  0:22  Probe (Chrono Boost), Pylon  
  15  0:41  Probe (Chrono Boost)  
  15  0:42  Gateway  
  16  0:51  Probe (Chrono Boost)  
  17  1:11  Nexus  
  17  1:17  Assimilator  
  17  1:29  Cybernetics Core  
  17  1:31  Probe (Chrono Boost)  
  18  1:36  Assimilator  
  18  1:41  Probe (Chrono Boost)  
  19  1:52  Probe (Chrono Boost)  
  20  2:00  Pylon  
  20  2:02  Probe (Chrono Boost)  
  20  2:06  Adept (Chrono Boost)  
  23  2:18  Probe  
  23  2:21  Mothership Core  
  26  2:31  Probe  
  26  2:33  Pylon  
  26  2:36  Adept (Chrono Boost)  
  29  2:43  Probe  
  30  2:44  Warp Gate  
  30  2:46  Probe  
  31  2:55  Probe  
  31  2:56  Probe  
  33  3:03  Sentry (Chrono Boost)  
  35  3:07  Probe x2  
  37  3:17  Probe  
  37  3:19  Probe  
  39  3:26  Adept (Chrono Boost)  
  41  3:28  Robotics Facility  
  41  3:29  Probe  
  41  3:31  Probe  
  43  3:39  Probe  
  44  3:43  Probe  
  45  3:50  Probe  
  45  3:54  Adept (Chrono Boost), Pylon  
  49  3:55  Probe  
  49  4:00  Probe  
  49  4:01  Pylon  
  50  4:07  Assimilator  
  50  4:08  Probe  
  50  4:09  Assimilator  
  51  4:12  Probe  
  51  4:15  Warp Prism (Chrono Boost)  
  51  4:16  Sentry  
  54  4:20  Probe  
  57  4:26  Probe  
  58  4:33  Probe  
  58  4:38  Probe  
  60  4:39  Adept  
  60  4:45  Probe  
  62  4:46  Pylon  
  62  4:51  Pylon  
  62  4:55  Gateway  
  62  4:56  Probe  
  62  4:57  Gateway  
  62  4:58  Gateway  
  62  4:59  Probe  
  64  5:06  Robotics Bay  
  64  5:08  Probe, Observer (Chrono Boost)  
  64  5:12  Probe  
  67  5:20  Probe  
  68  5:26  Gateway, Immortal (Chrono Boost)  
  68  5:28  Gateway  
  62  5:59  Sentry  
  62  6:00  Disruptor (Chrono Boost)  
  62  6:01  Nexus  
  62  6:02  Pylon  
  67  6:04  Pylon  
  67  6:05  Pylon  
  67  6:21  Sentry  
  69  6:27  Sentry x2  
  69  6:29  Stalker x2  
  69  6:31  Disruptor (Chrono Boost)  
  80  6:41  Stalker  
  82  6:47  Forge x2  
  82  6:50  Twilight Council  
  82  6:52  Pylon, Stalker x2  
  82  6:53  Stalker x2  
  90  6:55  Sentry  
  90  6:57  Probe x2  
  94  7:06  Disruptor (Chrono Boost)  
  97  7:09  Probe x2  
  97  7:14  Probe  
  100  7:20  Protoss Ground Weapons Level 1 (Chrono Boost), Protoss Ground Armor Level 1 (Chrono Boost)  
  100  7:21  Probe, Sentry  
  104  7:25  Assimilator  
  104  7:27  Assimilator  
  104  7:29  Probe  
  104  7:30  Probe  
  104  7:35  Zealot x3  
  111  7:41  Observer (Chrono Boost)  
  111  7:42  Stalker x2  
  116  7:48  Stalker  
  118  8:03  Stalker x4  
  126  8:06  Warp Prism (Chrono Boost)  
  128  8:18  Stalker x2  
  132  8:22  Blink (Chrono Boost)  
  132  8:28  Pylon  
  132  8:30  Pylon  
  132  8:31  Pylon  
  132  8:46  Pylon  
  132  8:48  Pylon  
  132  8:50  Stalker x2  
  132  8:51  Pylon, Stalker x3  
  132  8:53  Pylon  
  142  9:20  Stalker  
  142  9:21  Stalker x5  
  142  9:23  Disruptor  
  157  9:45  Adept x2  
  159  9:46  Adept x4  
  157  10:10  Dark Shrine  
  157  10:11  Gateway, Charge (Chrono Boost)  
  157  10:13  Gateway  
  157  10:15  Gateway  
  157  10:17  Gateway  
  157  10:22  Stalker x3  
  157  10:23  Stalker x3  
  149  10:58  Disruptor (Chrono Boost)  
  152  11:08  Protoss Ground Weapons Level 2, Protoss Ground Armor Level 2  
  150  11:14  Stalker x3  
  150  11:15  Stalker x3  
  150  11:16  Nexus  
  150  11:18  Pylon  
  162  11:19  Robotics Facility  
  162  11:21  Robotics Facility  
  162  11:34  Pylon  
  162  11:35  Pylon  
  162  11:40  Dark Templar x4  
  170  12:00  Stalker x4  
  170  12:01  Stalker  
  175  12:29  Dark Templar x3  
  158  12:37  Stalker x4  
  160  12:59  Stalker  
  160  13:00  Stalker x3  
  160  13:03  Archon  
  168  13:33  Colossus x2 (Chrono Boost)  
  163  13:38  Photon Cannon, Colossus (Chrono Boost)  
  163  13:39  Photon Cannon  
  181  13:44  Photon Cannon  
  181  13:45  Extended Thermal Lance (Chrono Boost)  
  181  13:49  Protoss Ground Weapons Level 3  
  181  13:51  Zealot x4  
  187  14:20  Disruptor  
  186  14:30  Stalker x3  
  186  14:31  Stalker x2  
  199  14:32  Observer  
  192  14:52  Assimilator  
  192  14:57  Assimilator  
  192  14:59  Photon Cannon  
  192  15:01  Photon Cannon  
  192  15:07  Photon Cannon  
  192  15:10  Photon Cannon  
  188  15:23  Stalker x5  
  188  15:24  Stalker  
  197  15:36  Observer x2  
  197  15:38  Observer  
  196  15:44  Zealot x2  
  198  16:03  Stalker  
  200  16:19  Pylon  
  184  17:03  Zealot  
  184  17:04  Zealot x5  
  184  17:05  Zealot x4  
  168  17:19  Colossus x2  
  166  17:26  Colossus  
  178  17:36  Zealot  
  170  17:37  Zealot x5  
  176  17:49  Nexus  
  172  17:52  Pylon  
  172  17:56  Assimilator  
  161  18:01  Assimilator  
  150  18:19  Immortal x2  
  125  18:24  Immortal  
  118  18:37  Dark Templar x2  
  118  18:38  Dark Templar  
  118  18:47  Dark Templar x2  
  122  18:53  Immortal  
  124  19:10  Zealot x3  
Show
View Real Time Build Order
Export as new Build Order

Worming Zerg - Winner!

Build Orders: Pool First, Lurkers 

Get SALT Encoding   

  12  0:01  Drone  
  13  0:14  Overlord  
  13  0:19  Drone  
  14  0:32  Drone  
  14  0:33  Drone  
  16  0:38  Drone  
  17  0:46  Drone  
  18  0:57  Drone, Spawning Pool  
  18  1:15  Hatchery  
  17  1:19  Drone  
  17  1:21  Drone  
  19  1:32  Drone  
  20  1:38  Extractor  
  19  1:44  Queen  
  19  1:45  Zergling x2  
  22  1:59  Hatchery  
  21  2:01  Drone  
  22  2:15  Overlord  
  22  2:28  Queen x2  
  26  2:32  Drone  
  27  2:39  Drone  
  27  2:41  Drone  
  28  2:51  Metabolic Boost  
  28  3:02  Zergling x2  
  29  3:11  Drone x2  
  31  3:22  Drone  
  32  3:28  Drone x4  
  32  3:29  Zergling x10  
  41  3:34  Overlord  
  41  3:39  Overlord  
  41  3:47  Roach Warren  
  40  3:58  Zergling x6  
  43  4:10  Spine Crawler  
  43  4:11  Lair  
  43  4:13  Extractor  
  41  4:18  Drone x6  
  41  4:22  Overlord  
  47  4:26  Overlord  
  47  4:31  Drone x2  
  49  4:43  Drone x2  
  49  4:44  Drone  
  51  4:46  Drone x3  
  51  4:50  Drone x2  
  51  4:51  Extractor  
  55  4:58  Roach x2  
  59  5:00  Overlord  
  59  5:03  Roach  
  61  5:15  Drone x2  
  61  5:19  Spore Crawler, Drone x3  
  65  5:31  Spore Crawler  
  60  5:53  Drone x3  
  60  5:55  Extractor  
  62  6:00  Hydralisk Den, Glial Reconstitution  
  62  6:01  Drone x3  
  62  6:02  Evolution Chamber  
  62  6:03  Drone x2, Evolution Chamber  
  64  6:04  Drone x10  
  69  6:33  Lurker Den  
  69  6:34  Zerg Missile Weapons Level 1  
  69  6:35  Zerg Ground Armor Level 1  
  69  6:37  Extractor  
  69  6:38  Drone  
  69  6:39  Drone x3  
  72  6:40  Drone x2, Extractor  
  72  6:41  Overlord x5  
  72  6:45  Ravager  
  73  6:48  Overlord x2  
  73  6:59  Queen  
  73  7:01  Ravager x2  
  76  7:04  Hatchery  
  76  7:06  Hydralisk  
  76  7:07  Hydralisk x4  
  86  7:15  Zergling x2  
  87  7:39  Overseer  
  87  7:47  Drone x14  
  87  7:48  Drone x2  
  103  7:52  Infestation Pit  
  102  8:01  Roach  
  102  8:02  Roach x6  
  110  8:10  Hydralisk x4  
  110  8:12  Overlord  
  118  8:15  Hydralisk  
  120  8:20  Lurker x5  
  120  8:23  Roach  
  120  8:24  Roach x4  
  135  8:30  Pneumatized Carapace  
  135  8:33  Zergling x14  
  142  8:35  Zerg Missile Weapons Level 2  
  141  8:49  Zerg Ground Armor Level 2  
  141  8:54  Extractor  
  141  8:55  Drone x3, Extractor  
  141  8:56  Drone  
  142  9:16  Spine Crawler  
  141  9:18  Spine Crawler  
  130  9:40  Roach, Hydralisk x4  
  130  9:41  Roach x4  
  130  9:44  Lurker x3  
  132  10:04  Roach x7  
  138  10:07  Lurker x4  
  138  10:11  Overlord x4  
  138  10:12  Overlord  
  142  10:22  Spore Crawler  
  141  10:30  Ravager x6  
  141  10:31  Ravager  
  141  10:32  Hydralisk x5  
  141  10:33  Zergling x2, Hydralisk x2  
  141  10:34  Zergling x6  
  166  10:38  Zergling x2  
  166  10:39  Burrow  
  146  11:03  Hatchery  
  145  11:23  Zergling x2  
  145  11:24  Zergling x2  
  145  11:25  Roach  
  149  11:26  Roach x7  
  149  11:29  Infestation Pit  
  151  12:14  Roach  
  151  12:15  Roach x10  
  144  12:25  Roach  
  144  12:26  Roach x8  
  148  12:31  Hydralisk x2  
  136  12:48  Hydralisk x8  
  145  12:57  Queen  
  147  12:59  Lurker x2  
  147  13:03  Hive  
  147  13:04  Spire  
  147  13:05  Zerg Melee Weapons Level 1  
  148  13:07  Zergling x2  
  148  13:08  Zergling x6  
  148  13:10  Ravager  
  148  13:11  Ravager x12  
  148  13:12  Zergling x8  
  169  13:16  Queen  
  169  13:19  Lurker  
  174  13:20  Lurker x3, Hatchery  
  174  13:22  Zergling x2  
  174  13:23  Zergling x6  
  152  13:38  Overseer  
  152  13:45  Extractor  
  152  13:47  Extractor  
  152  13:48  Zergling x6, Roach x3  
  155  13:49  Zergling x2, Roach  
  155  13:55  Drone x3  
  165  13:56  Drone x3  
  147  14:36  Zergling x2  
  144  14:43  Drone x2, Spine Crawler  
  145  14:49  Hydralisk  
  145  14:50  Hydralisk x6  
  159  14:55  Zerg Missile Weapons Level 3  
  159  14:56  Ultralisk Cavern  
  159  14:59  Zerg Ground Armor Level 3  
  156  15:11  Hydralisk  
  156  15:12  Hydralisk x4  
  156  15:13  Roach x3  
  145  15:22  Lurker x4  
  145  15:23  Hatchery  
  148  15:34  Hydralisk  
  148  15:35  Roach x3, Hydralisk x2  
  148  15:36  Roach  
  148  15:41  Lurker x4  
  138  16:00  Roach  
  138  16:01  Zergling x6, Roach x3  
  138  16:02  Zergling x2  
  150  16:05  Chitinous Plating  
  150  16:20  Extractor  
  150  16:21  Extractor  
  148  16:33  Roach, Hydralisk x3  
  148  16:34  Roach x4, Hydralisk  
  148  16:36  Overseer  
  163  16:43  Roach x4  
  160  16:49  Ultralisk x5  
  160  16:51  Overlord x2  
  190  16:56  Drone x3  
  159  17:13  Hydralisk x2  
  159  17:14  Roach x4, Hydralisk x2  
  159  17:15  Roach  
  165  17:36  Zergling x2  
  159  17:37  Zergling x2  
  159  17:41  Roach, Ultralisk x4  
  159  17:42  Roach x7  
  200  17:49  Lurker  
  198  18:03  Hydralisk  
  198  18:04  Hydralisk x4  
  198  18:05  Zergling x4, Roach x2  
  189  18:17  Overlord, Hydralisk  
  189  18:18  Zergling x16  
  177  18:36  Hydralisk  
  177  18:37  Roach, Hydralisk x3  
  177  18:38  Roach x2  
  177  18:40  Lurker x4  
  177  18:41  Lurker x2  
  196  18:43  Swarm Host  
  196  18:44  Zergling x4, Hatchery  
  193  18:51  Overseer  
  193  18:52  Overseer  
  186  18:56  Zergling x2  
  186  18:57  Zergling x16  
  195  19:04  Zergling x2  
  195  19:06  Zergling x2  
  195  19:09  Zergling x2  
  198  19:10  Zergling x2  
  198  19:12  Zergling x2  
Tags
 
Add a new tag
Caveats
  • Supply blocks, unpowered buildings, or Contaminate may cause inaccurate times.
  • Supply counts are checked every 10 seconds.